[Event "Betsys MČR v online bleskovém šachu 2021"]
[Site "Chess.com"]
[Date "2021.04.17"]
[Round "4"]
[White "Diamantidis_13"]
[Black "PremetFugas"]
[Result "1-0"]
[WhiteElo "2446"]
[BlackElo "2134"]
[TimeControl "180+1"]
[EndTime "9:35:13 PDT"]
[Termination "Uživatel Diamantidis_13 zvítězil po vzdání soupeře"]

1. Nf3 f5 2. d3 Nf6 3. e4 d6 4.
exf5 Bxf5 5. d4 Qd7 6. Bd3 Nc6 7. O-O O-O-O 8. Nc3 h6 9. d5 Nb4 10. Bxf5 Qxf5 11.
Nd4 Qh5 12. Ne6 Qxd1 13. Rxd1 Nxc2 14. Rb1 Nb4 15. a3 Na6 16. Nxd8 Kxd8 17. b4 g5 18. Be3 b6 19. Nb5 Bg7 20. Nxa7 Kd7 21. Nb5 c6 22. dxc6+ Kxc6 23. Nxd6 exd6 24. b5+ Kd7 25. bxa6 Rb8 26. Rxb6 1-0

[Event "Betsys MČR v online bleskovém šachu 2021"]
[Site "Chess.com"]
[Date "2021.04.17"]
[Round "4"]
[White "JuliliaR"]
[Black "Danyjel"]
[Result "0-1"]
[WhiteElo "1318"]
[BlackElo "1713"]
[TimeControl "180+1"]
[EndTime "9:35:13 PDT"]
[Termination "Uživatel Danyjel zvítězil po vzdání soupeře"]

1. d4 Nf6 2. c4 g6 3. Nc3 Bg7 4. Nf3 d5 5. cxd5 Nxd5 6. e4 Nxc3 7.
bxc3 c5 8. Be3 O-O 9. Qd2 Qa5 10.
Rc1 Rd8 11. Be2 Nc6 12. O-O cxd4 13. cxd4 Qxd2 14. Nxd2 Nxd4 15. Bxd4 Bxd4 16. Nf3 Bb6 17. Rfd1 Bg4 18. Rxd8+ Rxd8 19. h3 Bxf3 20. Bxf3 e5 21. Bg4 Rd2 22. Rf1 Rxa2 23. g3 Ra3 24. Kg2 Rd3 25.
Rc1 Rd2 26. Rf1 a5 27. Bd7 Rxd7 0-1

[Event "Betsys MČR v online bleskovém šachu 2021"]
[Site "Chess.com"]
[Date "2021.04.17"]
[Round "4"]
[White "Zelezny1984"]
[Black "MartinCerveny"]
[Result "0-1"]
[WhiteElo "2062"]
[BlackElo "2652"]
[TimeControl "180+1"]
[EndTime "9:35:14 PDT"]
[Termination "Uživatel MartinCerveny zvítězil po vzdání soupeře"]

1. e4 c5 2. Nc3 a6 3. g3 b5 4. Bg2 Bb7 5. Nge2 e6 6. O-O h5 7. h3 b4 8. Na4 Nc6 9. d4 cxd4 10. Nxd4 Qa5 11. c3 Nxd4 12. cxd4 Nf6 13. Re1 Be7 14.
Bd2 d5 15. f3 dxe4 16. fxe4 Rd8 17. Bg5 Bc6 18. b3 Bxa4 19. bxa4 Qxg5 0-1

[Event "Betsys MČR v online bleskovém šachu 2021"]
[Site "Chess.com"]
[Date "2021.04.17"]
[Round "4"]
[White "VOJTASEK2009"]
[Black "hvanacek"]
[Result "1-0"]
[WhiteElo "1282"]
[BlackElo "951"]
[TimeControl "180+1"]
[EndTime "9:35:14 PDT"]
[Termination "Uživatel VOJTASEK2009 zvítězil na čas"]

1. e4 e5 2. Nf3 Nc6 3. Bc4 Nf6 4.
d3 Bb4+ 5. c3 Bd6 6. Bg5 h6 7. Bh4 O-O 8. O-O Bc5 9. Nbd2 d6 10.
h3 Be6 11. Bd5 Bxd5 12. exd5 Ne7 13. Ne4 Nxe4 14. dxe4 c6 15. dxc6 bxc6 16. b4 Bb6 17. a4 Qe8 18. a5 Bc7 19. Bxe7 Qd8 20. Bxd8 Raxd8 21. Qa4 c5 22. bxc5 dxc5 23. Qc6 Rc8 24. Qxc5 1-0

[Event "Betsys MČR v online bleskovém šachu 2021"]
[Site "Chess.com"]
[Date "2021.04.17"]
[Round "4"]
[White "adasmrazek"]
[Black "DavidZidlicky"]
[Result "0-1"]
[WhiteElo "1314"]
[BlackElo "1708"]
[TimeControl "180+1"]
[EndTime "9:35:21 PDT"]
[Termination "Uživatel DavidZidlicky zvítězil po vzdání soupeře"]

1. d4 d5 2. c4 dxc4 3. e4 Nf6 4. Nf3 Bg4 5. Nc3 e6 6. Be2 Bb4 7. O-O Nc6 8. a3 Bxc3 9. bxc3 Nxe4 10. Bb2 Nd6 11. Rb1 O-O 12. Ba1 b5 13. d5 Bxf3 14. Bxf3 Ne5 15. Re1 Nd3 16. Re3 exd5 17. Bxd5 Rb8 18.
Qe2 Nf5 19. Rf3 Qxd5 20. Rd1 Rfe8 21. Qc2 g6 22. Bb2 Re1+ 23. Rxe1 Nxe1 24. Rf4 Nxc2 0-1

[Event "Betsys MČR v online bleskovém šachu 2021"]
[Site "Chess.com"]
[Date "2021.04.17"]
[Round "4"]
[White "marecek1754"]
[Black "pburak"]
[Result "1-0"]
[WhiteElo "2184"]
[BlackElo "1136"]
[TimeControl "180+1"]
[EndTime "9:35:25 PDT"]
[Termination "Uživatel marecek1754 zvítězil po vzdání soupeře"]

1. e4 e5 2. Nf3 Nc6 3. Bc4 Bc5 4. O-O Nf6 5. d4 exd4 6. e5 Ng8 7. Ng5 d5 8. exd6 Qxd6 9. Nxf7 Qg6 10. Nxh8 Qf6 11.
Bxg8 Bf5 12. Re1+ Kd7 13. Bd5 Rxh8 14. Bxc6+ bxc6 15. Nd2 Qg6 16. Nc4 Bh3 17. Ne5+ Kd6 18. Nxg6 1-0

[Event "Betsys MČR v online bleskovém šachu 2021"]
[Site "Chess.com"]
[Date "2021.04.17"]
[Round "4"]
[White "sharpi5135"]
[Black "Maty122"]
[Result "0-1"]
[WhiteElo "777"]
[BlackElo "1175"]
[TimeControl "180+1"]
[EndTime "9:35:27 PDT"]
[Termination "Uživatel Maty122 zvítězil na čas"]

1. e4 e5 2. Bc4 Nf6 3. Nc3 Nc6 4. Nf3 Nxe4 5. Nxe4 d5 6. Bxd5 Qxd5 7. Nfg5 h6 8. Nxf7 Qxf7 9. d3 Bf5 10. Qe2 Bd6 11. O-O O-O-O 12. Nxd6+ cxd6 13. c4 g5 14. f3 h5 15. Bxg5 Nd4 16. Qd2 Rdg8 17. Qc1 Ne2+ 18.
Kh1 Nxc1 19. Raxc1 Rxg5 20. f4 Rg4 21. fxe5 dxe5 22.
c5 Rhg8 23. h3 Rxg2 24. Rg1 Bxh3 25. c6 Rxg1+ 26. Rxg1 Rxg1+ 27. Kxg1 Qf1+ 0-1

[Event "Betsys MČR v online bleskovém šachu 2021"]
[Site "Chess.com"]
[Date "2021.04.17"]
[Round "4"]
[White "fadamos"]
[Black "Bancroft"]
[Result "1-0"]
[WhiteElo "2257"]
[BlackElo "1939"]
[TimeControl "180+1"]
[EndTime "9:35:28 PDT"]
[Termination "Uživatel fadamos zvítězil po vzdání soupeře"]

1. e4 c5 2. Nf3 d6 3. d4 cxd4 4. Nxd4 Nf6 5. Nc3 g6 6. Be2 Bg7 7. O-O O-O 8. Bg5 Nc6 9. Nb3 a5 10. a4 Be6 11. Kh1 h6 12. Bh4 Ne5 13. Nd4 Bc4 14. f4 Bxe2 15. Qxe2 Nc6 16. Ndb5 Rc8 17. Rad1 Qb6 18. e5 dxe5 19. fxe5 Nh5 20. Nd5 Qc5 21.
Bf2 Nf4 22. Nxf4 Qxe5 23. Qxe5 Bxe5 24. Nd3 Bb8 25. Rfe1 e5 26. Bc5 Rfe8 27. Nd6 Bxd6 28. Bxd6 e4 29. Nc5 b6 30. Nxe4 Kg7 31. Ba3 Ne5 32. Nd6 1-0

[Event "Betsys MČR v online bleskovém šachu 2021"]
[Site "Chess.com"]
[Date "2021.04.17"]
[Round "4"]
[White "121pepa"]
[Black "Lisak007"]
[Result "0-1"]
[WhiteElo "1415"]
[BlackElo "1783"]
[TimeControl "180+1"]
[EndTime "9:35:28 PDT"]
[Termination "Uživatel Lisak007 zvítězil po vzdání soupeře"]

1. d4 Nf6 2. c4 d6 3. Nc3 g6 4. Nf3 Bg7 5. e3 O-O 6. Bd2 Nbd7 7. Bd3 e5 8. dxe5 Nxe5 9. Nxe5 dxe5 10. Bc2 c6 11. O-O Qe7 12. Ne4 Nxe4 13. Bxe4 f5 14. Bc2 f4 15. e4 f3 16. g3 Bh3 17. Re1 Rad8 18. Qc1 Rd7 19. a3 Qe6 20. c5 Bf1 21. Bb3 Qxb3 22. Kxf1 Qe6 23. Re3 Qh3+ 24. Ke1 Qxh2 25.
Kd1 Qxf2 26. Kc2 Bh6 27. Rd3 Rxd3 28. Kxd3 Rd8+ 29. Kc3 Bxd2+ 30. Kc2 Bxc1+ 0-1

[Event "Betsys MČR v online bleskovém šachu 2021"]
[Site "Chess.com"]
[Date "2021.04.17"]
[Round "4"]
[White "indebol"]
[Black "Bartusman"]
[Result "0-1"]
[WhiteElo "1544"]
[BlackElo "1968"]
[TimeControl "180+1"]
[EndTime "9:35:31 PDT"]
[Termination "Uživatel Bartusman zvítězil matem"]

1. e4 c5 2. Nf3 g6 3. c3 Bg7 4. Bc4 d6 5. O-O Nf6 6. Re1 O-O 7. d4 cxd4 8. Nxd4 Nc6 9. Nf3 a6 10. a4 Nd7 11. Be3 Nde5 12. Nxe5 Nxe5 13. Bb3 Bd7 14. f4 Ng4 15. Qf3 Nxe3 16. Qxe3 Qc7 17. Nd2 b5 18.
Bd5 Rac8 19. axb5 axb5 20. Ra7 Qd8 21. Nb3 b4 22. Nd4 bxc3 23. bxc3 Qb6 24. Rea1 Rxc3 25. R7a4 Rxe3 26. Kh1 Bxa4 27. Rxa4 Re1# 0-1

[Event "Betsys MČR v online bleskovém šachu 2021"]
[Site "Chess.com"]
[Date "2021.04.17"]
[Round "4"]
[White "clarissamcclellan"]
[Black "Marcus_Aurelius_CZ"]
[Result "0-1"]
[WhiteElo "1875"]
[BlackElo "1409"]
[TimeControl "180+1"]
[EndTime "9:35:32 PDT"]
[Termination "Uživatel Marcus_Aurelius_CZ zvítězil po vzdání soupeře"]

1. d4 e5 2. c4 Nc6 3. d5 Nd4 4. e3 Nf5 5. e4 Nd4 6. Ne2 Nxe2 7. Bxe2 Bb4+ 8. Bd2 Bxd2+ 9. Nxd2 d6 10. O-O Nf6 11. f4 Qe7 12. f5 b6 13. b4 g6 14.
fxg6 hxg6 15. Rc1 Nh5 16. Bg4 Bxg4 17. Qxg4 Nf4 18. Rc3 Rh4 19. Qd1 O-O-O 20. Nf3 Rhh8 21. c5 dxc5 22. bxc5 Kb7 23. c6+ Kb8 24. Ra3 Qxa3 0-1

[Event "Betsys MČR v online bleskovém šachu 2021"]
[Site "Chess.com"]
[Date "2021.04.17"]
[Round "4"]
[White "Jakuboss22005"]
[Black "Paulz64"]
[Result "1/2-1/2"]
[WhiteElo "2066"]
[BlackElo "2492"]
[TimeControl "180+1"]
[EndTime "9:35:35 PDT"]
[Termination "Remíza dohodou"]

1. b3 d5 2. Bb2 Nf6 3. Nf3 Bg4 4. Ne5 Bh5 5. g3 e6 6. Bg2 Be7 7. O-O O-O 8. c4 c6 9. d3 Nbd7 10. Nd2 a5 11. a3 Bd6 12. Nxd7 Nxd7 13. Re1 Qe7 14.
Nf3 e5 15. cxd5 cxd5 16. Nh4 Qe6 17. Qd2 Nc5 18. Qg5 Bg6 19. Nxg6 hxg6 20. Rab1 Rac8 21. d4 Nxb3 22. dxe5 Be7 23. Qe3 a4 24. Red1 Rfd8 25. h4 b5 26. Kh2 Bc5 27. Qf3 d4 28. Bh3 Qxe5 29. Bxc8 Rxc8 30. e3 1/2-1/2

[Event "Betsys MČR v online bleskovém šachu 2021"]
[Site "Chess.com"]
[Date "2021.04.17"]
[Round "4"]
[White "Hapinka"]
[Black "Qb1xh8"]
[Result "0-1"]
[WhiteElo "1851"]
[BlackElo "2142"]
[TimeControl "180+1"]
[EndTime "9:35:36 PDT"]
[Termination "Uživatel Qb1xh8 zvítězil po vzdání soupeře"]

1. e4 e6 2. d4 d5 3. e5 c5 4. c3 Qb6 5. Nf3 Bd7 6. Bd3 Bb5 7.
O-O Bxd3 8. Qxd3 cxd4 9. cxd4 Nc6 10. Nc3 Nge7 11. Na4 Qa5 12. Nc5 Qb6 13. Bd2 Nxd4 14. Nxd4 Qxc5 15. Rfc1 Qb6 16. Qb5+ Nc6 17. Qxb6 axb6 18.
Nxc6 bxc6 19. Rxc6 Bc5 20. b4 Kd7 21. b5 Ra4 22. Be3 d4 23. Rd1 Rha8 24. f3 R8a5 25. Kf1 Rxb5 0-1

[Event "Betsys MČR v online bleskovém šachu 2021"]
[Site "Chess.com"]
[Date "2021.04.17"]
[Round "4"]
[White "YawningBagel"]
[Black "YoungMegaMind"]
[Result "1-0"]
[WhiteElo "1947"]
[BlackElo "2224"]
[TimeControl "180+1"]
[EndTime "9:35:38 PDT"]
[Termination "Uživatel YawningBagel zvítězil po vzdání soupeře"]

1. d4 Nf6 2. c4 e6 3. Nc3 c5 4. d5 exd5 5. cxd5 d6 6. e4 g6 7. h3 Bg7 8. Nf3 O-O 9. Bd3 Nbd7 10. O-O a6 11. a4 Re8 12. Bf4 Nf8 13. Re1 Nh5 14. Bh2 Rb8 15. Nd2 Qg5 16. Nf3 Qd8 17.
Qc2 Nf6 18. Rad1 Re7 19. e5 Ne8 20. exd6 Nxd6 21. Rxe7 Qxe7 22. Ne4 Nxe4 23. Bxb8 Nf6 24. Qb3 N8d7 25. Bh2 Qd6 26. Bxd6 1-0

[Event "Betsys MČR v online bleskovém šachu 2021"]
[Site "Chess.com"]
[Date "2021.04.17"]
[Round "4"]
[White "horvi1"]
[Black "VeceraP1973"]
[Result "1-0"]
[WhiteElo "2233"]
[BlackElo "1912"]
[TimeControl "180+1"]
[EndTime "9:35:42 PDT"]
[Termination "Uživatel horvi1 zvítězil po vzdání soupeře"]

1. e4 e5 2. f4 exf4 3. Nf3 d5 4. exd5 Bd6 5. c4 Nf6 6. d4 c5 7. dxc6 Nxc6 8. Nc3 O-O 9. Be2 Re8 10. O-O Bf5 11.
c5 Bc7 12. d5 Ne5 13. d6 Nxf3+ 14. Bxf3 Ba5 15. Bxb7 Rb8 16. c6 Bxc3 17. c7 Qd7 18. cxb8=Q Rxb8 19. bxc3 Rxb7 20. c4 Ne4 21. Bxf4 g5 22.
Be5 f6 23. Qd5+ Kg7 24. Bxf6+ Kxf6 25. Qxe4 Rb2 26. Qd4+ 1-0

[Event "Betsys MČR v online bleskovém šachu 2021"]
[Site "Chess.com"]
[Date "2021.04.17"]
[Round "4"]
[White "Klapuch05"]
[Black "krajic001"]
[Result "1-0"]
[WhiteElo "1548"]
[BlackElo "1522"]
[TimeControl "180+1"]
[EndTime "9:35:48 PDT"]
[Termination "Uživatel Klapuch05 zvítězil na čas"]

1. e4 e5 2. Nf3 Nc6 3. d4 exd4 4.
Nxd4 Bc5 5. Nb3 Bb6 6. Nc3 Nf6 7. Qe2 O-O 8. Be3 d5 9. O-O-O d4 10. Nxd4 Nxd4 11. Bxd4 Bxd4 12. Nb5 Bxb2+ 13. Kxb2 Qe7 14. c3 Qxe4 15. Nxc7 Qa4 16. Rd4 Qa5 17. Nxa8 Be6 18. a3 Rxa8 19. Qb5 Qxb5+ 20. Bxb5 Nd5 21. Rhd1 g6 22.
Rxd5 Bxd5 23. Rxd5 a6 24. Bc4 b5 25. Bb3 Re8 26. Rd7 Rf8 27. a4 bxa4 28. Bxa4 1-0

[Event "Betsys MČR v online bleskovém šachu 2021"]
[Site "Chess.com"]
[Date "2021.04.17"]
[Round "4"]
[White "VitaRasik"]
[Black "fortale"]
[Result "1/2-1/2"]
[WhiteElo "2614"]
[BlackElo "2347"]
[TimeControl "180+1"]
[EndTime "9:35:49 PDT"]
[Termination "Remíza opakováním pozice"]

1. e4 c5 2. Nf3 d6 3. Bb5+ Bd7 4.
Bxd7+ Qxd7 5. O-O Nc6 6. c3 Nf6 7. d4 cxd4 8. cxd4 e6 9. Nc3 d5 10. e5 Ne4 11. Ne2 Be7 12. Ne1 f6 13. f3 Ng5 14.
exf6 Bxf6 15. Bxg5 Bxg5 16. f4 Bf6 17. Nf3 O-O 18.
Qd2 Rac8 19. Rac1 Qd6 20. a3 Qc7 21. h3 Qb6 22. Kh1 a6 23. Ne5 Bxe5 24. fxe5 Ne7 25.
Kh2 Rxc1 26. Rxf8+ Kxf8 27. Qxc1 Kg8 28. Qc3 h6 29. Nf4 g5 30. Nh5 Qc6 31. Nf6+ Kg7 32. Qd3 Ng6 33. b4 Qc1 34. Ne8+ Kf7 35. Nd6+ Kg7 36. Ne8+ Kf7 37. Nd6+ Kg7 38. Ne8+ 1/2-1/2

[Event "Betsys MČR v online bleskovém šachu 2021"]
[Site "Chess.com"]
[Date "2021.04.17"]
[Round "4"]
[White "jachym08"]
[Black "BRNOTEACHER"]
[Result "0-1"]
[WhiteElo "2171"]
[BlackElo "2374"]
[TimeControl "180+1"]
[EndTime "9:35:50 PDT"]
[Termination "Uživatel BRNOTEACHER zvítězil po vzdání soupeře"]

1. d4 Nf6 2. c4 e6 3. Nc3 Bb4 4. e3 O-O 5. Bd3 c5 6. Nf3 d5 7.
O-O cxd4 8. exd4 dxc4 9. Bxc4 Nc6 10. a3 Bxc3 11. bxc3 b6 12. Bg5 Bb7 13. Re1 Rc8 14. Ba2 Qd6 15. Qd3 Ne7 16. Ne5 Ng6 17. Bxf6 gxf6 18.
Ng4 Qf4 19. Ne3 Rfd8 20. Rad1 Qg5 21. d5 Nf4 22. Qe4 Rxc3 23. Bb1 f5 24. Qf3 Bxd5 25.
Rxd5 Nxd5 0-1

[Event "Betsys MČR v online bleskovém šachu 2021"]
[Site "Chess.com"]
[Date "2021.04.17"]
[Round "4"]
[White "androidddd"]
[Black "Sandokanom"]
[Result "1-0"]
[WhiteElo "1425"]
[BlackElo "1755"]
[TimeControl "180+1"]
[EndTime "9:35:50 PDT"]
[Termination "Uživatel androidddd zvítězil po vzdání soupeře"]

1. e4 c5 2. Nf3 e6 3. d4 cxd4 4. Nxd4 Nf6 5. Nc3 Bb4 6. f3 d5 7.
e5 Nfd7 8. f4 Qb6 9. Be3 Nc6 10.
Be2 Bc5 11. Na4 Qa5+ 12. c3 Bxd4 13. Bxd4 b5 14. Nc5 b4 15. Nxd7 Bxd7 16. O-O Nxd4 17. cxd4 O-O 18. Qb3 Ba4 19. Qg3 Rac8 20. f5 Qb6 21. f6 g6 22. Qf4 Kh8 23. Rf3 Rc2 24. Qh6 Qxd4+ 25. Kh1 Rg8 26. Qxh7+ 1-0

[Event "Betsys MČR v online bleskovém šachu 2021"]
[Site "Chess.com"]
[Date "2021.04.17"]
[Round "4"]
[White "Terilka"]
[Black "domecek"]
[Result "0-1"]
[WhiteElo "1522"]
[BlackElo "1968"]
[TimeControl "180+1"]
[EndTime "9:35:55 PDT"]
[Termination "Uživatel domecek zvítězil po vzdání soupeře"]

1. d4 d5 2. Nf3 Nf6 3. e3 g6 4.
Bd3 Bg7 5. O-O O-O 6. c4 c6 7. Nc3 a6 8. a4 b6 9. Qe2 Bf5 10.
Bd2 e6 11. Rfc1 Bxd3 12. Qxd3 Nbd7 13. b3 Qe7 14. Ne2 Rfc8 15. b4 Ne4 16. Be1 c5 17. bxc5 bxc5 18. Rab1 Nd6 19. cxd5 c4 20. Rxc4 Nxc4 21. Qxc4 Rxc4 22. dxe6 Qxe6 23. Nf4 Qe8 24. Nd5 Rb8 25. Rd1 Nb6 26. Nb4 Qxa4 27. Nd3 Qxd1 28. Kf1 0-1

[Event "Betsys MČR v online bleskovém šachu 2021"]
[Site "Chess.com"]
[Date "2021.04.17"]
[Round "4"]
[White "Ehlundi"]
[Black "vaclavbelaska"]
[Result "1-0"]
[WhiteElo "1767"]
[BlackElo "1402"]
[TimeControl "180+1"]
[EndTime "9:35:56 PDT"]
[Termination "Uživatel Ehlundi zvítězil na čas"]

1. e4 c5 2. Nf3 d6 3. d4 cxd4 4.
Nxd4 Nf6 5. Nc3 g6 6. Be2 Bg7 7. O-O O-O 8. Bg5 h6 9. Bh4 a6 10. Kh1 Nc6 11. f4 Qb6 12. Nb3 Bd7 13. Bf2 Qc7 14. Bg3 Rac8 15. Bf3 Be6 16. Nd5 Bxd5 17. exd5 Nb4 18. c3 Nbxd5 19. Bxd5 Nxd5 20. Qxd5 e6 21. Qd3 Qb6 22. Rad1 Rc6 23. Bf2 Qc7 24. Bd4 Bxd4 25.
Nxd4 Rc4 26. Nb3 Rc6 27. Nd2 b5 28. Ne4 d5 29. Nf6+ Kg7 30. Qd4 Qe7 31. Ne8+ 1-0

[Event "Betsys MČR v online bleskovém šachu 2021"]
[Site "Chess.com"]
[Date "2021.04.17"]
[Round "4"]
[White "Hanicka1517"]
[Black "florenc1330"]
[Result "0-1"]
[WhiteElo "1622"]
[BlackElo "2089"]
[TimeControl "180+1"]
[EndTime "9:36:02 PDT"]
[Termination "Uživatel florenc1330 zvítězil po vzdání soupeře"]

1. d4 Nf6 2. Nf3 g6 3. g3 Bg7 4. Bg2 c5 5. O-O O-O 6. c4 d6 7. Nc3 Nc6 8. d5 Na5 9. Nd2 b5 10. cxb5 a6 11. bxa6 Bxa6 12. Re1 Nc4 13. Nxc4 Bxc4 14.
e4 Nd7 15. Qc2 Ne5 16. b3 Bd3 17. Qd2 Qa5 18. Bb2 Ba6 19. Qc2 Nd3 20. Red1 Nxb2 21. Qxb2 Bxc3 22. Qc2 Bxa1 23. Rxa1 c4 24. bxc4 Qc5 25.
Bf1 Rfc8 26. Rc1 Rab8 27. Qa4 Qb6 28. c5 Rxc5 29. Rxc5 dxc5 30. Qxa6 Qxa6 31. Bxa6 Rb4 32. e5 Ra4 33. Bc8 Rxa2 34. d6 exd6 35. exd6 Kf8 36. d7 Ke7 37. Kf1 c4 38. Ke1 c3 0-1

[Event "Betsys MČR v online bleskovém šachu 2021"]
[Site "Chess.com"]
[Date "2021.04.17"]
[Round "4"]
[White "Tomasbezdek07"]
[Black "Richter_Rudolf"]
[Result "1-0"]
[WhiteElo "1685"]
[BlackElo "1299"]
[TimeControl "180+1"]
[EndTime "9:36:02 PDT"]
[Termination "Uživatel Tomasbezdek07 zvítězil na čas"]

1. e4 c5 2. c3 Nf6 3. e5 Nd5 4. d4 e6 5. Bc4 Nb6 6. Bb3 c4 7.
Bc2 d6 8. Nf3 d5 9. O-O Nc6 10.
Bg5 Be7 11. Bxe7 Qxe7 12. Na3 O-O 13. Nb5 a6 14. Nd6 Bd7 15. Nxb7 Rab8 16. Nc5 Bc8 17. Qd2 Nd7 18. Nxd7 Bxd7 19. b3 Na5 20. Rab1 Rb7 21. b4 Nc6 22. a4 Rfb8 23. Rfe1 Na7 24. Ng5 h6 25. Nh3 Kf8 26. Re3 Kg8 27. Rg3 g5 28.
f4 f6 29. exf6 Qxf6 30. fxg5 hxg5 31. Nxg5 Be8 32. Nxe6+ 1-0

[Event "Betsys MČR v online bleskovém šachu 2021"]
[Site "Chess.com"]
[Date "2021.04.17"]
[Round "4"]
[White "AdaTra"]
[Black "HerjoAnpe"]
[Result "1-0"]
[WhiteElo "1645"]
[BlackElo "1242"]
[TimeControl "180+1"]
[EndTime "9:36:02 PDT"]
[Termination "Uživatel AdaTra zvítězil po vzdání soupeře"]

1. d4 c5 2. c3 cxd4 3. cxd4 d5 4.
Nf3 Bd7 5. Nc3 Nc6 6. Bf4 e6 7. e3 Bb4 8. Bd3 Nf6 9. O-O O-O 10. Rc1 Re8 11. Ne5 Nxe5 12. Bxe5 Qe7 13. Qf3 Rac8 14. Bxf6 Qxf6 15. Qxf6 gxf6 16. Ne2 Rxc1 17. Rxc1 Kh8 18.
Rc7 Rd8 19. g3 Be7 20. Rxb7 a5 21. a4 Bf8 22. Nc3 Bh6 23. Bb5 Bc8 24. Rxf7 f5 25. Ra7 Rg8 26. Kf1 Rg4 27. h3 Rg8 28. Rxa5 Bd7 29.
Bxd7 Rb8 30. Bb5 Rg8 31. Bc6 Rg6 32. Ra8+ Kg7 33. a5 e5 34. Bxd5 exd4 35. Rg8+ Kf6 36. Rxg6+ hxg6 37. exd4 Bf8 38. a6 Bd6 39. a7 Kg5 40.
a8=Q f4 41. Qd8+ Kh6 42. Qxd6 1-0

[Event "Betsys MČR v online bleskovém šachu 2021"]
[Site "Chess.com"]
[Date "2021.04.17"]
[Round "4"]
[White "trosecnik"]
[Black "Rozmetal"]
[Result "0-1"]
[WhiteElo "1840"]
[BlackElo "2121"]
[TimeControl "180+1"]
[EndTime "9:36:03 PDT"]
[Termination "Uživatel Rozmetal zvítězil na čas"]

1. e4 c5 2. c3 d5 3. exd5 Qxd5 4. d4 Nc6 5. Nf3 Nf6 6. Be2 Bf5 7. O-O e6 8. h3 Rd8 9. Be3 cxd4 10. cxd4 Be7 11.
Nc3 Qd6 12. Qb3 Qb4 13. Qxb4 Nxb4 14. Bb5+ Nd7 15. Ne5 f6 16. Nxd7 Rxd7 17. Bxd7+ Kxd7 18. Rac1 a6 19. a3 Nd3 20. Ra1 Nxb2 21. d5 e5 22. a4 Rc8 23. Ne2 Bb4 24. f4 Bd3 25. Rf2 e4 26.
Nd4 Nc4 27. Bc1 Bc5 28. Ne6 Bxf2+ 29. Kxf2 g6 30. Be3 Kd6 31. Rc1 Kxd5 0-1

[Event "Betsys MČR v online bleskovém šachu 2021"]
[Site "Chess.com"]
[Date "2021.04.17"]
[Round "4"]
[White "Simago"]
[Black "Jacques_se_mas"]
[Result "1-0"]
[WhiteElo "2098"]
[BlackElo "1736"]
[TimeControl "180+1"]
[EndTime "9:36:03 PDT"]
[Termination "Uživatel Simago zvítězil po vzdání soupeře"]

1. e4 e6 2. d4 b6 3. Nc3 Bb7 4. Bd3 Bb4 5. Bd2 Nf6 6. Qe2 d5 7. e5 Bxc3 8. bxc3 Ne4 9. f3 Nxd2 10. Qxd2 h6 11. Nh3 Nd7 12. O-O c5 13. f4 Qc7 14. f5 c4 15. fxe6 fxe6 16. Bg6+ Kd8 17. Rf7 Rf8 18. Raf1 Rxf7 19. Rxf7 Kc8 20. Rxg7 Bc6 21.
Qxh6 Kb7 22. Qh7 Ba4 23. Ng5 Qc6 24. Nf7 Rf8 25. Nd6+ Ka6 26. Rf7 Rxf7 27. Qxf7 Nb8 28. Qxe6 Nd7 29. Be8 Ka5 30. Bxd7 Qxd7 31. Qxd7 Bxd7 32.
h4 Ka4 33. h5 Ka3 34. h6 Bf5 35. Nxf5 Kb2 36. h7 Kxc2 37. h8=Q Kxc3 38. Qh3+ Kb2 39.
Ne3 c3 40. e6 c2 41. Nxc2 1-0

[Event "Betsys MČR v online bleskovém šachu 2021"]
[Site "Chess.com"]
[Date "2021.04.17"]
[Round "4"]
[White "JJ95"]
[Black "VojtaT"]
[Result "1-0"]
[WhiteElo "2007"]
[BlackElo "1734"]
[TimeControl "180+1"]
[EndTime "9:36:04 PDT"]
[Termination "Uživatel JJ95 zvítězil po vzdání soupeře"]

1. e4 c5 2. c3 d5 3. exd5 Qxd5 4. d4 e5 5. dxe5 Qxd1+ 6. Kxd1 Nc6 7. f4 Bg4+ 8. Be2 Nh6 9. h3 Bxe2+ 10. Kxe2 O-O-O 11. Nf3 Nf5 12. Kf2 c4 13. g4 Bc5+ 14. Kg2 Ne3+ 15.
Bxe3 Bxe3 16. Kg3 Rhe8 17. Na3 Na5 18. Nb5 Bc5 19. Rad1 a6 20. Nbd4 Nc6 21. Nxc6 bxc6 22. Ng5 f6 23. Rxd8+ Kxd8 24. Ne4 Be7 25. Rd1+ Kc7 26.
e6 g6 27. Rd7+ Kc8 28. Ra7 f5 29. Ra8+ 1-0

[Event "Betsys MČR v online bleskovém šachu 2021"]
[Site "Chess.com"]
[Date "2021.04.17"]
[Round "4"]
[White "zarathutra"]
[Black "misa2009"]
[Result "1-0"]
[WhiteElo "1825"]
[BlackElo "1503"]
[TimeControl "180+1"]
[EndTime "9:36:09 PDT"]
[Termination "Uživatel zarathutra zvítězil matem"]

1. d4 Nf6 2. c4 e6 3. Nc3 d5 4. cxd5 exd5 5. Bg5 Bb4 6. e3 O-O 7. Bd3 h6 8. Bh4 Be6 9. f3 Nc6 10. Ne2 a6 11. O-O Re8 12. a3 Ba5 13. b4 Bb6 14.
Nf4 Kh8 15. Bc2 g5 16. Nxe6 Rxe6 17. Bf2 a5 18. Qd3 axb4 19. Nxd5 Qxd5 20. Bb3 Qd7 21.
Bxe6 fxe6 22. axb4 Rxa1 23. Rxa1 Nxb4 24. Qg6 Qg7 25.
Ra8+ Ng8 26. Qxe6 Kh7 27. Bg3 Nc6 28. d5 Nb4 29. Be5 Qe7 30. Qxg8# 1-0

[Event "Betsys MČR v online bleskovém šachu 2021"]
[Site "Chess.com"]
[Date "2021.04.17"]
[Round "4"]
[White "Fafin1"]
[Black "MaTpAt113"]
[Result "1-0"]
[WhiteElo "1192"]
[BlackElo "834"]
[TimeControl "180+1"]
[EndTime "9:36:15 PDT"]
[Termination "Uživatel Fafin1 zvítězil na čas"]

1. e4 c6 2. Nf3 d5 3. exd5 cxd5 4. Bb5+ Nc6 5. d4 Bf5 6. O-O e6 7. h3 Bd6 8. c3 Nf6 9. Bg5 h6 10. Bh4 g5 11. Bg3 Bxg3 12. fxg3 Ne4 13. Ne5 a6 14. Nxc6 Qc7 15. Ne5+ axb5 16. g4 Bh7 17. Rxf7 Qc4 18. Nxc4 Kxf7 19. Ne5+ Ke7 20. Nd2 Ng3 21. Kh2 Ne4 22.
Nxe4 Bxe4 23. Qb3 Rhf8 24. Qxb5 Rad8 25. Qxb7+ Ke8 26. Qc6+ Ke7 27. Rg1 Rf2 28. Qc5+ Ke8 29. Qb5+ Ke7 30. Nc6+ 1-0

[Event "Betsys MČR v online bleskovém šachu 2021"]
[Site "Chess.com"]
[Date "2021.04.17"]
[Round "4"]
[White "TrickyPeat"]
[Black "LightningAttack_2000"]
[Result "1-0"]
[WhiteElo "2215"]
[BlackElo "1898"]
[TimeControl "180+1"]
[EndTime "9:36:17 PDT"]
[Termination "Uživatel TrickyPeat zvítězil po vzdání soupeře"]

1. e4 c5 2. Nf3 e6 3. d3 Nc6 4. Nbd2 a6 5. g3 Qc7 6. Bg2 d6 7. O-O Nf6 8. a4 Rb8 9. Re1 b5 10.
axb5 axb5 11. Nf1 Be7 12. Bf4 Bb7 13. e5 Nd5 14. exd6 Bxd6 15. Bxd6 Qxd6 16. N1d2 Nf6 17.
Ng5 O-O 18. Nge4 Nxe4 19. Nxe4 Qe7 20. Qh5 c4 21. dxc4 bxc4 22. c3 Ba8 23. Re2 Rfd8 24. Ng5 h6 25. Ne4 Bb7 26. h4 Ra8 27. Rxa8 Rxa8 28.
Qb5 Rb8 29. Qxc4 Na5 30. Qc5 Qxc5 31. Nxc5 Bxg2 32. Kxg2 Nc4 33. b4 Kf8 34. Ra2 Ke7 35. Ra7+ Kf6 36. Nd7+ 1-0

[Event "Betsys MČR v online bleskovém šachu 2021"]
[Site "Chess.com"]
[Date "2021.04.17"]
[Round "4"]
[White "TerezaRodshtein"]
[Black "KatkaZ"]
[Result "1-0"]
[WhiteElo "2186"]
[BlackElo "1872"]
[TimeControl "180+1"]
[EndTime "9:36:17 PDT"]
[Termination "Uživatel TerezaRodshtein zvítězil na čas"]

1. e4 c5 2. Nf3 e6 3. d4 cxd4 4. Nxd4 a6 5. Bd3 Qc7 6. O-O g6 7.
f4 d6 8. Be3 Bg7 9. Nd2 Nd7 10. Qe2 Ngf6 11. N2f3 Ng4 12. Bd2 O-O 13.
h3 Ngf6 14. Rad1 b5 15. c3 Bb7 16. Bb1 e5 17. Nb3 Rad8 18. Qf2 Nxe4 19. Bxe4 Bxe4 20.
Ng5 Bd5 21. f5 h6 22. Nf3 Bc4 23. Rfe1 d5 24. Qh4 1-0